 Dungeon Crawl Stone Soup version 0.30.1-9-gdf580d7c3d (webtiles) character file.

Game seed: 9752886589359791822

39 Matchingsocks the Insei (level 3, -2/28 HPs)
             Began as a Draconian Transmuter on Oct 19, 2023.
             Killed by nerve-wracking pain
             ... invoked by Grinder
              (4 damage)
             ... while paralysed by Grinder
             ... on level 3 of the Dungeon.
             The game lasted 00:11:08 (1869 turns).

Matchingsocks the Insei (Draconian Transmuter)      Turns: 1869, Time: 00:11:09

Health: -2/28      AC:  7    Str: 12    XL:     3   Next: 28%
Magic:  6/6        EV:  2    Int: 13    God:
Gold:   126        SH:  0    Dex: 19    Spells: 5/6 levels left

rFire   . .          .
                       - Unarmed
rCold   . . .        (no shield)
rNeg    . . .        (body armour unavailable)
rPois   .            (helmet restricted)
rElec   .            f - +0 cloak
rCorr   .            (no gloves)
SInv    .            c - +0 pair of boots
Will    .....        (no amulet)
Stlth   ++           l - +5 ring of evasion
HPRegen 0.24/turn    t - +6 ring of dexterity
MPRegen 0.10/turn

%: no passive effects
@: paralysed
A: AC +5, unfitting armour, cold-blooded
a: no special abilities


You were on level 3 of the Dungeon.
You visited 1 branch of the dungeon, and saw 3 of its levels.

You collected 126 gold pieces.

Inventory:

Hand Weapons
 b - a +0 sling
 d - a +0 club
Missiles
 h - 15 stones
 r - 3 javelins (quivered)
Armour
 c - a +0 pair of boots (worn)
 f - a +0 cloak (worn)
Jewellery
 l - a +5 ring of evasion (left hand)
 t - a +6 ring of dexterity (right hand)
Scrolls
 e - a scroll of brand weapon {unknown}
 k - 2 scrolls of teleportation {unknown}
 n - a scroll of amnesia {unknown}
 o - a scroll of noise {unknown}
 q - 2 scrolls of magic mapping {unknown}
 s - a scroll of identify {unknown}
Potions
 a - a potion of lignification
 g - 2 potions of mutation {unknown}
 i - a potion of curing {unknown}
 j - a potion of degeneration {unknown}
 m - 2 potions of might {unknown}
 p - a potion of brilliance {unknown}
 u - a potion of magic {unknown}


   Skills:
 - Level 1.1 Fighting
 - Level 1.7 Dodging
 + Level 3.3 Unarmed Combat
 + Level 2.4 Spellcasting
 * Level 3.0 Transmutations


You had 5 spell levels left.
You knew the following spells:

 Your Spells              Type           Power      Damage    Failure   Level
a - Beastly Appendage     Tmut           18%        N/A       7%          1

Your spell library contained the following spells:

 Spells                   Type           Power      Damage    Failure   Level
 Wereblood                Tmut           9%         N/A       11%         2
 Summon Small Mammal      Summ           4%         N/A       24%         1
 Spider Form              Tmut/Pois      5%         N/A       36%         3
 Call Canine Familiar     Summ           1%         N/A       58%         3
 Summon Guardian Golem    Hex/Summ       1%         N/A       58%         3
 Ice Form                 Ice/Tmut       5%         N/A       78%         4


Dungeon Overview and Level Annotations

Branches:
Dungeon (3/15)

Altars:

Annotations:
D:3 Grinder


Innate Abilities, Weirdness & Mutations

Your plain brown scales are hard. (AC +5)
You cannot fit into any form of body armour.
You are cold-blooded and may be slowed by cold attacks.


Message History

You completely miss Grinder.
You tail-slap Grinder, but do no damage.
Grinder is almost dead.
You hit Grinder but do no damage.
Grinder is almost dead.
You hit Grinder but do no damage.
Grinder is almost dead.
You hit Grinder but do no damage.
Grinder is almost dead.
There is an open door here.
Grinder seems less confused.
Grinder gestures at you. Pain shoots through your body!
Your magical contamination has completely faded away.
You closely miss Grinder.
Grinder is almost dead.
Grinder gestures at you.
You suddenly lose the ability to move!
Grinder gestures at you.
You shrug off the repeated paralysis!
Grinder hits you but does no damage. Grinder hits you.
You writhe in agony.
Grinder gestures at you. Pain shoots through your body!
* * * LOW HITPOINT WARNING * * *
Grinder gestures at you. You resist with significant effort.
You can move again.
You barely miss Grinder.
Grinder is almost dead.
Grinder blinks!
Grinder gestures at you.
You suddenly lose the ability to move!
Grinder says, "Don't move a muscle."
Grinder gestures at you.
You barely resist.
Grinder says, "Mostly I couldn't keep them alive."
Grinder gestures at you. Pain shoots through your body!
You die...

#. #. ##.. ##...#
#.....# ###
.......## ##.##
......?.####.<.##
........'.@.....#
<.......####.5.##
.......## ##.##
#.....# ###
##...# #.#+# .


You could see Grinder.

Vanquished Creatures
  8 ball pythons
  4 bats
  7 endoplasms (D:1)
  A giant cockroach (D:2)
  5 goblins (D:1)
  3 hobgoblins
  2 kobolds
  A quokka (D:1)
  5 rats
36 creatures vanquished.

Notes
Turn   | Place    | Note
-------+----------+-------------------------------------------
     0 | D:1      | Matchingsocks the Draconian Transmuter began the quest for
                  | the Orb.
     0 | D:1      | Reached XP level 1. HP: 16/16 MP: 3/3
   278 | D:1      | Reached XP level 2. HP: 23/23 MP: 3/5
   659 | D:1      | Reached XP level 3. HP: 26/28 MP: 4/6
  1824 | D:3      | Noticed Grinder
  1825 | D:3      | Paralysed by Grinder for 4 turns
  1860 | D:3      | Paralysed by Grinder for 5 turns
  1864 | D:3      | HP: 1/28 [Grinder/nerve-wracking pain (10)]
  1867 | D:3      | Paralysed by Grinder for 4 turns
  1869 | D:3      | Killed from afar by Grinder

Illustrated notes

Levels and vault maps discovered:
D:1:      elethiomel_arrival_maze, layout_basic, ebering_dispersal_statue_hall,
          patterned_corridor
D:2:      layout_rooms
D:3:      layout_loops_corners, grunt_ministairs_1, uniq_grinder

Skill      XL: |  1  2  3 |
---------------+----------+-----
Transmutations | 3 |  3.0
Fighting       | |  1.1
Dodging        | |  1.7
Unarmed Combat | |  3.3
Spellcasting   | |  2.4

Action                     || total
---------------------------++-------
  Melee: Unarmed           ||   101
         Kick              ||    18
         Tailslap          ||     6
         Headbutt          ||    11
   Fire: Sling             ||     2
  Throw: Stone             ||     1
   Cast: Beastly Appendage ||    24
   Stab: Confused          ||     1
 Armour: Skin              ||    31
  Dodge: Dodged            ||    64
